 Dungeon Sprint DCSS version bcrawl-1.17.3 (webtiles) character file.

Game seed: 5212321206367428099

3189 Freyura the Covert (level 9, -4/56 HPs)
             Began as a Felid Monk on Oct 20, 2019.
             Was the Champion of Dithmenos.
             Slain by an orc knight
             ... wielding a +2 dire flail of protection
              (10 damage)
             ... in the Dungeon (Sprint IX: "|||||||||||||||||||||||||||||").
             The game lasted 00:11:13 (1798 turns).

Freyura the Covert (Felid Monk)                     Turns: 1798, Time: 00:11:14

Health: -4/56      AC:  2    Str:  7    XL:     9   Next: 95%
Magic:  0/18       EV: 34    Int: 14    God:    Dithmenos [******]
Gold:   663        SH:  0    Dex: 25    Spells: 8/8 levels left
                                        Lives:  0   Deaths: 2

rFire    . . .     SeeInvis +     - Unarmed
rCold    . . .     Gourm    .   (shield unavailable)
rNeg     . . .     Faith    .   (armour unavailable)
rPois    .         Spirit   +   (helmet unavailable)
rElec    .         Reflect  .   (cloak restricted)
rCorr    .         Harm     .   (gloves unavailable)
MR       +....     NoTele   +   (boots unavailable)
Stlth    ++++++++++             a - amulet of guardian spirit
HPRegen  0.18/turn              m - +3 ring of dexterity
MPRegen  0.16/turn              n - +3 ring of intelligence

@: wreathed by umbra, quick
A: very small, no armour, no weapons or thrown items, stealth, claws 1, fangs 3,
see invisible, carnivore, speed 1, shaggy fur 2, slow metabolism 1, sharp paws
a: Shadow Step, Shadow Form, Renounce Religion


You were in the Dungeon.
You worshipped Dithmenos.
Dithmenos was exalted by your worship.
You were not hungry.

You visited 1 branch You collected 663 gold pieces.

Inventory:

Jewellery
 a - an amulet of guardian spirit (around neck)
 m - a +3 ring of dexterity (left paw)
 n - a +3 ring of intelligence (right paw)
Wands
 l - a wand of iceblast (10)
Scrolls
 e - a scroll of fear
 g - a scroll of fog
 h - 2 scrolls of blinking
 i - a scroll of identify
 j - 4 scrolls of remove curse
 k - 3 scrolls of amnesia
Potions
 c - 7 potions of curing
 d - a potion of heal wounds
 f - 3 potions of magic
 o - a potion of agility
 p - 2 potions of might
Comestibles
 b - 12 rations {!d}


   Skills:
 + Level 11.3 Fighting
 + Level 14.3 Dodging
 + Level 14.5 Stealth
 + Level 13.4 Unarmed Combat
 + Level 11.3 Invocations


You had 8 spell levels left.
You didn't know any spells.
Your spell library was empty.

Dungeon Overview and Level Annotations

Branches:
Dungeon (1/1)

Altars:
Cheibriados
Dithmenos
Elyvilon
Fedhas
Gozag
Hepliaklqana
Kikubaaqudgha
Lugonu
Makhleb
Nemelex Xobeh
Okawaru
Qazlal
Ru
Sif Muna
Trog
Uskayaw
Vehumet
Wu Jian
Xom
Yredelemnul
Zin
The Shining One
Beogh
Jiyva


Innate Abilities, Weirdness & Mutations

You cannot wear almost all types of armour.
You are incapable of wielding weapons or throwing items.
Your paws allow you to move quietly. (Stealth)
You have sharp claws.
You have razor-sharp teeth.
You have supernaturally acute eyesight. (SInv)
You are carnivorous and can eat meat at any time.
You cover ground quickly.
You are covered in thick fur. (AC +2)
You have a slow metabolism.
Your sharp claws are effective at attacking unaware monsters.


Message History

You scratch the orc knight but do no damage.
The orc knight is heavily wounded.
The orc high priest invokes the aid of Beogh against you.
Beogh smites you!
* * * LOW HITPOINT WARNING * * *
You scratch the orc knight but do no damage.
You bite the orc knight, but do no damage.
The orc knight is heavily wounded.
The orc knight hits you but does no damage.
The orc high priest mumbles some strange prayers to Beogh.
You scratch the orc knight.
The orc knight is severely wounded.
The orc knight hits you with a +2 dire flail of protection!
* * * LOW HITPOINT WARNING * * *
You closely miss the orc knight.
The orc knight is severely wounded.
You scratch the orc knight but do no damage.
The orc knight is severely wounded.
The orc knight hits you with a +2 dire flail of protection!
You die...

▓▓▓▓▓▓▓▓▓▓▓▓▓▓▓▓▓▓▓▓▓▓▓▓▓
.....))†))oo..oo@§§.....▓
▓▓▓▓▓▓▓▓▓▓▓▓▓▓▓▓▓▓▓▓▓▓▓.▓
.....))......)..........▓
▓▓▓▓▓▓▓▓▓▓▓▓▓▓▓▓▓▓▓▓▓▓▓▓▓
..'.?...):......'.......▓
▓▓▓▓▓▓▓▓▓▓▓▓▓▓▓▓▓▓▓▓▓▓▓.▓
........................▓
▓▓▓▓▓▓▓▓▓▓▓▓▓▓▓▓▓▓▓▓▓▓▓▓▓
_______'.....)..).)'...<▓


You could see an orc knight and an orc high priest.

Vanquished Creatures
  Erolcha (D)
  4 orc knights (D)
  An elephant (D)
  3 cane toads (D)
  A rime drake (D)
  2 hippogriffs (D)
  3 yaks (D)
  A hungry ghost (D)
  4 wargs (D)
  2 water moccasins (D)
  3 hell hounds (D)
  3 porcupines (D)
  2 orc warriors (D)
  An eye of draining (D)
  A wolf (D)
  2 crocodiles (D)
  2 bullfrogs (D)
  2 howler monkeys (D)
  5 crimson imps (D)
  4 orc priests (D)
  3 orc wizards (D)
  A worker ant (D)
  A shadow imp (D)
  A dart slug (D)
  A leopard gecko (D)
  7 orcs (D)
  A goblin (D)
  A kobold (D)
  2 rats (D)
65 creatures vanquished.

Vanquished Creatures (others)
  An orc (D)
1 creature vanquished.

Grand Total: 66 creatures vanquished

Notes
Turn   | Place    | Note
-------+----------+-------------------------------------------
     0 | D        | Freyura the Felid Monk began the quest for the Orb.
     0 | D        | Reached XP level 1. HP: 12/12 MP: 3/3
    25 | D        | Reached skill level 5 in Dodging
    25 | D        | Reached skill level 5 in Unarmed Combat
    25 | D        | Reached XP level 2. HP: 12/17 MP: 2/4
    25 | D        | Reached XP level 3. HP: 15/21 MP: 2/5
    25 | D        | Reached skill level 5 in Fighting
    25 | D        | Reached XP level 4. HP: 20/27 MP: 2/6
    71 | D        | Found a roughly hewn altar of Beogh.
    71 | D        | Found a snail-covered altar of Cheibriados.
    71 | D        | Found a shadowy altar of Dithmenos.
    71 | D        | Found a white marble altar of Elyvilon.
    71 | D        | Found a blossoming altar of Fedhas.
    71 | D        | Found an opulent altar of Gozag.
    72 | D        | Found a hazy altar of Hepliaklqana.
    73 | D        | Found a viscous altar of Jiyva.
    74 | D        | Found an ancient bone altar of Kikubaaqudgha.
    75 | D        | Found a corrupted altar of Lugonu.
    76 | D        | Became a worshipper of Dithmenos the Shadowed
    76 | D        | Reached * piety under Dithmenos
    76 | D        | Reached ** piety under Dithmenos
    77 | D        | Found a burning altar of Makhleb.
    78 | D        | Found a sparkling altar of Nemelex Xobeh.
    79 | D        | Found an iron altar of Okawaru.
    80 | D        | Found a stormy altar of Qazlal.
    81 | D        | Found a sacrificial altar of Ru.
    82 | D        | Found a shimmering blue altar of Sif Muna.
    83 | D        | Found a bloodstained altar of Trog.
    84 | D        | Found a hide-covered altar of Uskayaw.
    85 | D        | Found a radiant altar of Vehumet.
    86 | D        | Found an ornate altar of the Wu Jian Council.
    87 | D        | Found a shimmering altar of Xom.
    88 | D        | Found a basalt altar of Yredelemnul.
    89 | D        | Found a glowing silver altar of Zin.
    90 | D        | Found a glowing golden altar of the Shining One.
   241 | D        | Reached XP level 5. HP: 29/32 MP: 6/9
   241 | D        | Noticed a troll
   241 | D        | Reached skill level 5 in Invocations
   241 | D        | Gained mutation: You are covered in thick fur. (AC +2)
                  | [Felid growth]
   241 | D        | Reached XP level 6. HP: 34/37 MP: 6/10
   241 | D        | Noticed a yak
   255 | D        | Killed a yak
   259 | D        | Slain by a troll
   260 | D        | Reached XP level 5. HP: -2/32 MP: 0/10
   294 | D        | Reached skill level 10 in Dodging
   294 | D        | Reached XP level 6. HP: 39/39 MP: 10/12
   294 | D        | Reached XP level 7. HP: 43/43 MP: 10/13
   294 | D        | Noticed Erolcha
   301 | D        | Killed Erolcha
   334 | D        | Reached skill level 10 in Unarmed Combat
   335 | D        | Reached *** piety under Dithmenos
   336 | D        | Reached skill level 10 in Stealth
   336 | D        | Noticed an orc knight
   345 | D        | HP: 2/44 [orc priest/divine providence (9)]
   352 | D        | Killed an orc knight
   352 | D        | Reached **** piety under Dithmenos
   363 | D        | Reached ***** piety under Dithmenos
   547 | D        | Reached XP level 8. HP: 48/49 MP: 13/15
   547 | D        | Noticed an orc knight
   547 | D        | Noticed an orc knight
   548 | D        | Noticed an orc knight
   550 | D        | Reached XP level 9. HP: 54/54 MP: 13/17
   550 | D        | Noticed an orc knight
   552 | D        | Reached skill level 10 in Fighting
   552 | D        | Noticed an orc high priest
   573 | D        | Killed an orc knight
   583 | D        | Killed an orc knight
   591 | D        | Demolished by an orc knight
   592 | D        | Reached XP level 8. HP: -14/50 MP: 0/16
   645 | D        | Reached skill level 10 in Invocations
   687 | D        | Reached ****** piety under Dithmenos
   870 | D        | Reached XP level 9. HP: 53/55 MP: 17/17
   870 | D        | Noticed a cane toad
   870 | D        | Noticed a cane toad
   870 | D        | Noticed an elephant
   870 | D        | Noticed a cane toad
   870 | D        | Noticed a rime drake
   872 | D        | Killed a cane toad
   874 | D        | Killed a cane toad
   876 | D        | Killed an elephant
   878 | D        | Killed a cane toad
   880 | D        | Killed a rime drake
  1669 | D        | Killed an orc knight
  1798 | D        | Slain by an orc knight

Skill      XL: |  1  2  3  4  5  6  7  8  9 |
---------------+----------------------------+-----
Unarmed Combat | 5 6 8 9 10 11 13 | 13.4
Fighting       | 4 5 6 8 9 11 | 11.3
Dodging        | 5 6 8 10 9 11 13 14 | 14.3
Stealth        | 4 6 9 11 13 14 | 14.5
Invocations    | 4 7 8 10 11 | 11.3

Action                   |  1- 3 |  4- 6 |  7- 9 || total
-------------------------+-------+-------+-------++-------
Melee: Unarmed           |    15 |    45 |   273 ||   333
       Bite              |     2 |     7 |    38 ||    47
       Punch             |       |     1 |    17 ||    18
  Use: Potion            |       |       |     6 ||     6
 Stab: Sleeping          |       |     1 |    11 ||    12
       Invisible         |       |       |     7 ||     7
       Distracted        |       |       |     2 ||     2
  Eat: Chunk             |       |       |     2 ||     2
Armor: Skin              |     2 |     3 |     3 ||     8
Dodge: Dodged            |     8 |    31 |   175 ||   214
